AoeStats
← Gilmarq97

Oasis

510229595Analyzed
4v4 RM · 2d ago on Sep 30, 2026· 53m 52s· 8 players
Game mode
Random Map
Map size
Large (8 player)
Population
200
Speed
Normal
Resources
Standard
Victory
Conquest
Starting age
Dark Age
Ending age
Imperial Age
RankedLock teamsTeams togetherTeam positionsShared explorationLock speedFull tech treeHidden civsTurbo modeCheats
Victory
Defeat
🇵🇪 Japanese · Peru
1097
+12
🇲🇽 Vietnamese · Mexico
1040
+15
🇵🇪 Varangians · Peru
1013
+16
🇵🇪 Saxons · Peru
936
+18
🇺🇸 Turks · United States
1055
-17
🇲🇽 Georgians · Mexico
1052
-17
🇨🇳 Bohemians · China
986
-14
🇴🇲 Britons · Oman
939
-27
Gilmarq97
4:13 Loom
11:05 Feudal Age
11:58 Double-Bit Axe
19:08 Castle Age
17:58 Horse Collar
18:12 Gold Mining
18:17 Stone Mining
19:20 Town Watch
20:11 Wheelbarrow
20:57 Bow Saw
25:03 Fletching
31:41 Imperial Age
30:51 Hand Cart
30:41 Town Patrol
30:45 Bodkin Arrow
31:01 Forging
30:57 Scale Barding Armor
33:38 Bloodlines
33:29 Husbandry
34:23 Elite Monaspa
35:23 Conscription
41:11 Elite Skirmisher
45:30 Padded Archer Armor
46:06 Iron Casting
45:51 Chain Barding Armor
45:43 Light Cavalry
46:44 Leather Archer Armor
46:30 Bracer
48:21 Chemistry
47:18 Hussar
thelight00001
11:03 Feudal Age
15:15 Castle Age
13:37 Double-Bit Axe
16:33 Loom
16:51 Horse Collar
24:55 Padded Archer Armor
26:47 Leather Archer Armor
27:50 Fletching
29:31 Bow Saw
30:07 Gold Mining
30:25 Heavy Plow
33:02 Gold Shaft Mining
35:08 Imperial Age
35:44 Ballistics
35:35 Fortified Wall
36:30 Bombard Tower
35:53 Elite Janissary
36:56 Stone Mining
39:34 Wheelbarrow
40:57 Conscription
40:38 Artillery
44:33 Hand Cart
44:03 Town Watch
45:23 Two-Man Saw
45:30 Ring Archer Armor
44:57 Bodkin Arrow
44:48 Treadmill Crane
45:18 Masonry
45:04 Murder Holes
45:50 Hoardings
48:28 Architecture
Naruto
2:48 Loom
13:07 Feudal Age
18:37 Castle Age
17:13 Wheelbarrow
18:34 Horse Collar
18:41 Double-Bit Axe
33:18 Hand Cart
33:41 Stone Mining
40:07 Imperial Age
38:30 Fletching
38:41 Padded Archer Armor
39:54 Bow Saw
39:46 Heavy Plow
41:31 Bodkin Arrow
41:37 Padded Archer Armor
42:01 Conscription
41:04 Elite Longbowman
42:28 Bracer
41:57 Pikeman
43:17 Yeomen
45:32 Crossbowman
47:46 Two-Man Saw
47:50 Halberdier
48:33 Squires
49:02 Leather Archer Armor
53:34 Arbalester
火鸡味锅巴
0:29 Loom
13:24 Feudal Age
19:52 Castle Age
18:06 Double-Bit Axe
21:23 Bow Saw
32:04 Imperial Age
30:10 Wheelbarrow
31:31 Chemistry
30:28 Horse Collar
31:57 Hand Cart
31:28 Town Watch
34:28 Two-Man Saw
35:58 Forging
35:48 Scale Mail Armor
36:23 Wagenburg Tactics
37:05 Squires
36:26 Pikeman
39:26 Padded Archer Armor
40:01 Iron Casting
39:42 Chain Mail Armor
41:32 Elite Skirmisher
42:24 Houfnice
Sniper_Wolf
2:01 Loom
13:35 Feudal Age
14:32 Double-Bit Axe
14:41 Gold Mining
16:54 Fletching
17:04 Padded Archer Armor
21:20 Castle Age
19:41 Horse Collar
22:24 Bow Saw
23:33 Bodkin Arrow
23:54 Leather Archer Armor
23:35 Crossbowman
26:11 Wheelbarrow
26:13 Town Watch
30:58 Ballistics
30:52 Fortified Wall
31:13 Thumb Ring
33:04 Hand Cart
35:54 Masonry
38:16 Imperial Age
37:26 Elite Skirmisher
39:31 Ring Archer Armor
39:01 Bracer
38:25 Arbalester
40:11 Chemistry
39:38 Paper Money
42:58 Elite Rattan Archer
43:27 Imperial Skirmisher
51:52 Capped Ram
PlyerX
11:07 Feudal Age
12:38 Wheelbarrow
15:38 Double-Bit Axe
15:18 Man-at-Arms
17:13 Forging
19:17 Arson
25:58 Horse Collar
30:27 Castle Age
31:35 Hand Cart
37:21 Heavy Plow
37:26 Scale Mail Armor
38:03 Iron Casting
41:30 Bow Saw
46:53 Elite Skirmisher
Yailes<3
10:07 Feudal Age
15:58 Castle Age
14:16 Double-Bit Axe
14:13 Horse Collar
19:03 Bow Saw
19:45 Wheelbarrow
20:09 Heavy Plow
22:57 Gold Mining
23:32 Stone Mining
24:00 Loom
24:01 Town Watch
27:29 Hand Cart
27:02 Pikeman
28:28 Town Patrol
31:01 Imperial Age
29:06 Scale Mail Armor
29:16 Forging
30:12 Squires
29:57 Gambesons
29:58 Arson
31:02 Gold Shaft Mining
31:26 Ballistics
30:50 Treadmill Crane
32:11 Conscription
31:37 Capped Ram
31:38 Onager
33:29 Ballistics
34:13 Chain Mail Armor
36:38 Halberdier
37:48 Husbandry
37:59 Bloodlines
37:10 Light Cavalry
40:19 Plate Mail Armor
40:24 Iron Casting
40:47 Caravan
45:49 Blast Furnace
44:55 Scale Barding Armor
53:04 Kataparuto
Aryey
10:17 Feudal Age
12:05 Wheelbarrow
11:18 Double-Bit Axe
11:15 Horse Collar
18:54 Castle Age
20:11 Hand Cart
19:58 Heavy Plow
20:10 Bow Saw
26:06 Bloodlines
27:32 Forging
27:28 Scale Barding Armor
28:59 Husbandry
33:17 Iron Casting
35:39 Chain Barding Armor
38:06 Scale Mail Armor
41:27 Imperial Age
40:06 Gold Mining
40:06 Stone Mining
40:17 Stone Mining
42:44 Plate Barding Armor
43:09 Blast Furnace
43:44 Cavalier
44:18 Vendel Legacy
47:12 Conscription
46:13 Elite Jarl
Connection lost

Rejoining the realm…

Still unreachable

The connection could not be restored.

Session expired

The server has moved on; the page needs a fresh start.